 Dungeon Crawl Stone Soup version 0.17.0-28-g6e173f8 (webtiles) character file.

411 HandofTrog the Skirmisher (level 6, -2/67 HPs)
             Began as a Troll Monk on Dec 2, 2015.
             Was a Believer of Okawaru.
             Shot with an arrow by a centaur (7 damage)
             ... on level 5 of the Dungeon.
             The game lasted 00:08:25 (2587 turns).

HandofTrog the Skirmisher (Troll Monk)              Turns: 2587, Time: 00:08:25

Health: -2/67      AC:  5    Str: 22    XL:     6   Next: 58%
Magic:  5/5        EV: 10    Int:  6    God:    Okawaru [**....]
Gold:   249        SH:  0    Dex: 12    Spells: 0 memorised, 5 levels left

rFire  . . .     SeeInvis .       - Unarmed
rCold  . . .     Clarity  .     a - +0 robe
rNeg   . . .     SustAt   .     (no shield)
rPois  .         Gourm    +     (helmet restricted)
rElec  .         Spirit   .     (no cloak)
rCorr  .         Warding  .     (gloves unavailable)
rMut   .         Stasis   .     (boots unavailable)
MR     .....                    (no amulet)
Stlth  +.........               (no ring)
                                (no ring)

@: not resistant to hostile enchantments, very unstealthy
A: unfitting armour, claws 3, fast metabolism 3, gourmand, regeneration 2,
shaggy fur 1, tough skin 2
a: Heroism, Renounce Religion


You were on level 5 of the Dungeon.
You worshipped Okawaru.
Okawaru was pleased with you.
You were not hungry.

You visited 2 branches of the dungeon, and saw 6 of its levels.

You collected 249 gold pieces.

Inventory:

Armour
 a - a +0 robe (worn)
Wands
 m - a wand of random effects (21)
Scrolls
 c - 3 scrolls of remove curse
 d - 3 scrolls of enchant weapon
 f - a scroll of recharging {unknown}
 q - 5 scrolls of identify
 t - a scroll of blinking {unknown}
 u - a scroll of immolation {unknown}
Potions
 e - 4 potions of flight
 h - 2 potions of ambrosia {unknown}
 j - 2 potions of poison {unknown}
 k - 2 potions of degeneration {unknown}
 l - a potion of agility {unknown}
 n - a potion of lignification {unknown}
 p - a potion of resistance {unknown}
 r - a potion of curing {unknown}
Books
 i - a book of Power

   Spells                             Type                      Level
   a - Fulminant Prism                Conjuration/Hexes            4
   b - Iskenderun's Mystic Blast      Conjuration                  4
   c - Venom Bolt                     Conjuration/Poison           5
   d - Bolt of Magma                  Conjuration/Fire/Earth       5
   e - Iron Shot                      Conjuration/Earth            6
   f - Orb of Destruction             Conjuration                  7
   g - Spellforged Servitor           Conjuration/Summoning        7
Comestibles
 b - 4 bread rations
 g - a royal jelly
 o - 19 fruits
 s - 2 meat rations


   Skills:
 + Level 6.2 Fighting
 - Level 2.4 Dodging
 - Level 1.1 Stealth
 - Level 4.0 Unarmed Combat


You had 5 spell levels left.
You didn't know any spells.

Dungeon Overview and Level Annotations

Branches:
Dungeon (5/15)             Temple (1/1) D:4

Altars:
Ashenzari
Cheibriados
Dithmenos
Elyvilon
Fedhas
Gozag
Kikubaaqudgha
Makhleb
Okawaru
Qazlal
Ru
Sif Muna
Vehumet
Xom
Zin
The Shining One


Innate Abilities, Weirdness & Mutations

You are too large for most types of armour.
You have claws for hands.
Your metabolism is lightning-fast.
You like to eat raw meat.
You heal very quickly.
You are covered in fur (AC +1).
You have very tough skin (AC +2).


Message History

The centaur skeleton closely misses you.
The centaur shouts!
You claw the centaur skeleton!
The centaur wields a glowing shortbow.
It bursts into flame!
The centaur shoots an arrow.
The arrow hits you! The arrow burns you. The centaur skeleton hits you.
You scratch the centaur skeleton.
The centaur shoots an arrow.
The arrow hits you! The arrow burns you. The centaur skeleton hits you.
You claw the centaur skeleton!
You destroy the centaur skeleton!
Okawaru accepts your kill.
The centaur shoots an arrow.
The arrow hits you!
* * * LOW HITPOINT WARNING * * *
The arrow burns you.
* * * LOW HITPOINT WARNING * * *
The centaur shoots an arrow.
The arrow barely misses you.
You see here an arrow.
The centaur shoots an arrow.
The arrow hits you!
* * * LOW HITPOINT WARNING * * *
The arrow burns you!
You die...

### #.. #.# #.#
#####.#
####.....####.#
..#.##.(.....#
#.#@(....##..#
#.##.#....c..#
#..).##.#.#.##
#######...# ..
....# .. ..$.#
c ###.# .#


You could see a centaur.

Vanquished Creatures
  A scorpion (D:5)
  The ghost of Ijustatesigmund the Magician, a weakling DEWz (D:3)
  2 hounds (D:4)
  A giant frog skeleton (D:4)
  2 worker ants (D:4)
  A centaur skeleton (D:5)
  11 adders
  2 worms (D:2)
  4 giant geckos
  An orc (D:5)
  A giant cockroach (D:3)
  7 goblins
  6 hobgoblins
  3 quokkas
  5 bats
  A giant gecko skeleton (D:4)
  A giant newt (D:4)
  4 jackals (D:4)
  6 kobolds
  11 rats
71 creatures vanquished.

Notes
Turn   | Place    | Note
--------------------------------------------------------------
     0 | D:1      | HandofTrog the Troll Monk began the quest for the Orb.
     0 | D:1      | Reached XP level 1. HP: 22/22 MP: 0/0
    40 | D:1      | Reached XP level 2. HP: 29/29 MP: 1/1
   458 | D:2      | Reached XP level 3. HP: 27/37 MP: 2/2
  1075 | D:3      | Found a glowing silver altar of Zin.
  1075 | D:3      | Found an opulent altar of Gozag.
  1075 | D:3      | Noticed Ijustatesigmund's ghost (weakling DEWz)
  1096 | D:3      | Killed Ijustatesigmund's ghost
  1096 | D:3      | Reached XP level 4. HP: 29/49 MP: 3/3
  1141 | D:3      | Found a burning altar of Makhleb.
  1409 | D:3      | Reached XP level 5. HP: 51/55 MP: 4/4
  1439 | D:3      | Found a glowing golden altar of the Shining One.
  1589 | D:4      | Reached skill level 5 in Fighting
  1687 | D:4      | Found a staircase to the Ecumenical Temple.
  1702 | Temple   | Entered the Ecumenical Temple
  1710 | Temple   | Became a worshipper of Warmaster Okawaru
  1710 | Temple   | Reached * piety under Okawaru
  1710 | Temple   | Reached ** piety under Okawaru
  1915 | D:4      | Reached XP level 6. HP: 58/66 MP: 5/5
  2562 | D:5      | Entered Level 5 of the Dungeon
  2570 | D:5      | Reached skill level 6 in Fighting
  2587 | D:5      | Shot with an arrow by a centaur

Action                   |  1- 3 |  4- 6 || total
-------------------------+-------+-------++-------
Melee: Unarmed           |   110 |   123 ||   233
  Use: Scroll            |     4 |       ||     4
 Stab: Sleeping          |     1 |       ||     1
  Eat: Chunk             |     6 |     8 ||    14
       Bread ration      |     1 |     1 ||     2
